 Dungeon Crawl Stone Soup version 0.21.1-1-g345015fe64 (webtiles) character file.

1647 Mrkan the Grappler (level 8, -8/74 HPs)
             Began as a Troll Monk on May 6, 2018.
             Was a High Priest of Cheibriados.
             Mangled by Mrkan's ghost (14 damage)
             ... on level 6 of the Dungeon.
             The game lasted 00:11:09 (4823 turns).

Mrkan the Grappler (Troll Monk)                     Turns: 4823, Time: 00:11:09

Health: -8/74      AC:  7    Str: 33    XL:     8   Next: 67%
Magic:  7/7        EV: 11    Int: 19    God:    Cheibriados [*****.]
Gold:   284        SH:  0    Dex: 27    Spells: 7/7 levels left

rFire    . . .     SeeInvis .     - Unarmed
rCold    . . .     Gourm    +   (no shield)
rNeg     . . .     Faith    .   a - +0 robe
rPois    .         Spirit   .   (helmet restricted)
rElec    .         Reflect  .   p - +1 cloak
rCorr    .         Harm     .   (gloves unavailable)
MR       .....                  (boots unavailable)
Stlth    ++........             (no amulet)
HPRegen  0.62/turn              (no ring)
MPRegen  0.10/turn              (no ring)

@: very slow
A: large, unfitting armour, claws 3, fast metabolism 3, gourmand, regeneration
1, shaggy fur 1, tough skin 2
a: Bend Time, Temporal Distortion, Slouch, Step From Time, Renounce Religion


You were on level 6 of the Dungeon.
You worshipped Cheibriados.
Cheibriados was extremely pleased with you.
You were very full.

You visited 1 branch of the dungeon, and saw 6 of its levels.

You collected 284 gold pieces.

Inventory:

Armour
 a - a +0 robe (worn)
 p - a +1 cloak (worn)
Jewellery
 c - a +3 ring of dexterity {unknown}
 y - an uncursed ring of ice {unknown}
 D - an uncursed ring of flight {unknown}
Wands
 q - a wand of polymorph (3)
 x - a wand of disintegration (1)
 C - a wand of scattershot (9)
Scrolls
 e - 3 scrolls of magic mapping {unknown}
 j - 6 scrolls of identify {unknown}
 k - 2 scrolls of remove curse {unknown}
 s - a scroll of fog {unknown}
 t - a scroll of noise {unknown}
 u - a scroll of teleportation {unknown}
 A - a scroll of immolation {unknown}
 B - a scroll of enchant weapon {unknown}
Potions
 d - a potion of flight
 f - a potion of might {unknown}
 g - 5 potions of curing {unknown}
 h - 3 potions of berserk rage {unknown}
 i - a potion of agility {unknown}
 l - a potion of brilliance {unknown}
 n - a potion of ambrosia {unknown}
 o - a potion of degeneration {unknown}
 w - a potion of resistance {unknown}
 z - 2 potions of lignification {unknown}
Books
 m - a book of Cantrips

   Spells                             Type                      Level
   a - Confusing Touch                Hexes                        1
   b - Animate Skeleton               Necromancy                   1
   c - Summon Small Mammal            Summoning                    1
   d - Apportation                    Translocation                1
 v - a book of Callings

   Spells                             Type                      Level
   a - Summon Small Mammal            Summoning                    1
   b - Call Imp                       Summoning                    2
   c - Call Canine Familiar           Summoning                    3
   d - Summon Guardian Golem          Hexes/Summoning              3
   e - Summon Lightning Spire         Summoning/Air                4
   f - Summon Ice Beast               Ice/Summoning                4
Comestibles
 b - 11 rations


   Skills:
 + Level 2.8 Fighting
 - Level 2.4 Dodging
 - Level 1.0 Stealth
 - Level 11.1 Unarmed Combat
 + Level 1.2 Invocations


You had 7 spell levels left.
You didn't know any spells.

Dungeon Overview and Level Annotations

Branches:
Dungeon (6/15)
 Temple: D:4-7

Altars:
Cheibriados
Nemelex Xobeh
Trog
The Shining One

Shops:
D:5 (

Annotations:
D:6 Mrkan's ghost, novice TrMo


Innate Abilities, Weirdness & Mutations

You are too large for most types of armour.
You have claws for hands.
Your metabolism is lightning-fast.
You like to eat raw meat.
Your natural rate of healing is unusually fast.
You are covered in fur. (AC +1)
You have very tough skin. (AC +2)


Message History

You closely miss Mrkan's ghost.
Mrkan's ghost is lightly damaged.
Mrkan's ghost barely misses you.
It was a potion of cancellation.
You feel magically purged. Mrkan's ghost barely misses you.
You scratch Mrkan's ghost.
Mrkan's ghost is moderately damaged.
You scratch Mrkan's ghost.
Mrkan's ghost is moderately damaged.
Mrkan's ghost hits you.
* * * LOW HITPOINT WARNING * * *
You mangle Mrkan's ghost!! Your claw misses Mrkan's ghost.
Mrkan's ghost is heavily damaged.
Mrkan's ghost completely misses you.
You claw Mrkan's ghost!
Mrkan's ghost is severely damaged.
Mrkan's ghost hits you!
* * * LOW HITPOINT WARNING * * *
Mrkan's ghost hits you!
You die...

.$.# ...
#.. ... #.#
#.# #.# #@#
#W# #g# #)#
#.........
#....##....
#.#".. ##
.......
......#..


You could see Mrkan's ghost and a gnoll.

Vanquished Creatures
  Pikel (D:4)
  Duvessa (D:4)
  A water moccasin (D:5)
  An ice beast (D:5)
  2 phantoms
  A bullfrog (D:6)
  Dowan (D:4)
  2 crimson imps (D:5)
  Crazy Yiuf (D:3)
  3 bullfrog skeletons (D:5)
  3 orc priests
  2 orc wizards (D:5)
  4 adders
  10 gnolls
  2 shadow imps (D:5)
  An ooze (D:3)
  A worm (D:3)
  A dart slug (D:2)
  3 leopard geckos (D:5)
  27 orcs
  A ball python (D:2)
  6 giant cockroaches
  8 goblins
  7 hobgoblins
  10 bats
  4 frilled lizards
  A giant cockroach zombie (D:5)
  11 kobolds
  10 rats
126 creatures vanquished.

Vanquished Creatures (others)
  Blork the orc (D:4)
1 creature vanquished.

Grand Total: 127 creatures vanquished

Notes
Turn   | Place    | Note
-------+----------+-------------------------------------------
     0 | D:1      | Mrkan the Troll Monk began the quest for the Orb.
     0 | D:1      | Reached XP level 1. HP: 22/22 MP: 0/0
   210 | D:1      | Reached XP level 2. HP: 29/29 MP: 1/1
   675 | D:2      | Reached skill level 4 in Unarmed Combat
   713 | D:2      | Found a faded altar of an unknown god.
   728 | D:2      | Became a worshipper of Cheibriados the Contemplative
   728 | D:2      | Reached * piety under Cheibriados
   728 | D:2      | Reached ** piety under Cheibriados
   752 | D:2      | Reached *** piety under Cheibriados
   781 | D:2      | Reached XP level 3. HP: 34/36 MP: 2/2
  1716 | D:3      | Reached **** piety under Cheibriados
  1725 | D:3      | Reached skill level 5 in Unarmed Combat
  1725 | D:3      | Reached XP level 4. HP: 19/44 MP: 3/3
  1904 | D:3      | Reached XP level 5. HP: 23/50 MP: 4/4
  1906 | D:3      | Found a bloodstained altar of Trog.
  1968 | D:3      | Found a glowing golden altar of the Shining One.
  2036 | D:3      | Found a runed door.
  2040 | D:3      | Noticed Crazy Yiuf
  2046 | D:3      | Killed Crazy Yiuf
  2046 | D:3      | Reached skill level 6 in Unarmed Combat
  2558 | D:4      | Found a sparkling altar of Nemelex Xobeh.
  2581 | D:4      | Reached ***** piety under Cheibriados
  2916 | D:4      | Noticed a phantom
  2928 | D:4      | Killed a phantom
  2928 | D:4      | Reached skill level 7 in Unarmed Combat
  2928 | D:4      | Reached XP level 6. HP: 54/59 MP: 5/5
  2987 | D:4      | Noticed Dowan
  2989 | D:4      | Noticed Duvessa
  2995 | D:4      | Killed Duvessa
  3002 | D:4      | Killed Dowan
  3002 | D:4      | Reached skill level 8 in Unarmed Combat
  3116 | D:4      | Noticed Pikel
  3116 | D:4      | Noticed a slave
  3116 | D:4      | Noticed a slave
  3116 | D:4      | Noticed a slave
  3116 | D:4      | Noticed a slave
  3129 | D:4      | Killed Pikel
  3129 | D:4      | Reached skill level 9 in Unarmed Combat
  3129 | D:4      | Reached XP level 7. HP: 24/66 MP: 6/6
  3227 | D:4      | Killed Blork the orc
  3466 | D:5      | Entered Level 5 of the Dungeon
  3469 | D:5      | Reached XP level 8. HP: 74/74 MP: 7/7
  3487 | D:5      | Reached skill level 10 in Unarmed Combat
  4238 | D:5      | Found a snail-covered altar of Cheibriados.
  4602 | D:5      | Reached skill level 11 in Unarmed Combat
  4694 | D:5      | Found Tityiseb's Antique Weapon Shop.
  4796 | D:6      | Noticed Mrkan's ghost (novice TrMo)
  4801 | D:6      | Reached skill level 1 in Invocations
  4823 | D:6      | Mangled by Mrkan's ghost

Skill      XL: |  1  2  3  4  5  6  7  8 |
---------------+-------------------------+-----
Unarmed Combat | 4 5 7 9 11 | 11.1
Invocations    | 1 |  1.2
Fighting       | |  2.8
Dodging        | |  2.4
Stealth        | |  1.0

Action                   |  1- 3 |  4- 6 |  7- 9 || total
-------------------------+-------+-------+-------++-------
Melee: Unarmed           |   119 |   108 |    89 ||   316
       Punch             |     2 |     3 |     4 ||     9
  Use: Potion            |       |     1 |     1 ||     2
 Stab: Sleeping          |     4 |     5 |       ||     9
  Eat: Chunk             |    18 |    10 |    10 ||    38
Armor: Robe              |    72 |    28 |    33 ||   133
Dodge: Dodged            |    85 |    55 |    65 ||   205
